 Dungeon Crawl Stone Soup version 0.20.0-14-g326068f (webtiles) character file.

392 spennet the Cudgeler (level 7, -3/53 HPs)
             Began as a Human Fighter on June 7, 2017.
             Was an Initiate of Trog.
             Killed by divine providence
             ... invoked by an orc priest
              (13 damage)
             ... on level 4 of the Dungeon on June 8, 2017.
             The game lasted 01:29:08 (4211 turns).

spennet the Cudgeler (Human Fighter)                Turns: 4211, Time: 01:29:08

Health: -3/53      AC:  8    Str: 18    XL:     7   Next: 8%
Magic:  0/7        EV: 12    Int:  9    God:    Trog [......]
Gold:   274        SH:  0    Dex: 12    Spells: 6/6 levels left

rFire    . . .     SeeInvis .   k - +3 quarterstaff (chaos)
rCold    . . .     Gourm    .   (shield currently unavailable)
rNeg     . . .     Faith    .   l - +0 leather armour (curse)
rPois    +         Spirit   +   (no helmet)
rElec    .         Reflect  .   w - +2 cloak
rCorr    .         Harm     .   y - +1 pair of gloves
MR       .....                  (no boots)
Stlth    +.........             z - amulet of guardian spirit
Regen    0.2/turn               D - ring of poison resistance
MPRegen  0.1/turn               (no ring)

@: no status effects
A: no striking features
a: Burn Spellbooks, Renounce Religion


You were on level 4 of the Dungeon.
You worshipped Trog.
Trog was noncommittal.
You were hungry.

You visited 1 branch of the dungeon, and saw 4 of its levels.

You collected 274 gold pieces.

Inventory:

Hand Weapons
 a - a +0 flail
 d - a +0 mace
 f - a +1 mace of protection
 g - a +0 falchion
 j - a +0 dagger
 k - a +3 quarterstaff of chaos (weapon)
 r - a +0 whip
 K - a +0 flail
 L - a +0 flail
 M - a +0 spear
Missiles
 i - 49 stones
 m - 32 arrows
 p - 3 large rocks
 v - 40 bolts
 J - 5 tomahawks (quivered)
Armour
 b - a +0 scale mail
 c - a +0 shield
 e - a +2 scale mail
 h - a +0 ring mail
 l - a cursed +0 leather armour (worn)
 n - a +0 leather armour
 o - a +0 cloak
 s - a +0 pair of gloves
 u - a +0 ring mail
 w - a +2 cloak (worn)
 y - a +1 pair of gloves (worn)
 G - a +0 ring mail
 H - a +0 robe
Jewellery
 z - an amulet of guardian spirit (around neck)
 C - an uncursed amulet of magic regeneration
 D - a ring of poison resistance (left hand)
Scrolls
 t - 2 scrolls of fear
 A - a scroll of identify
Potions
 E - a potion of cancellation {unknown}
Comestibles
 x - a meat ration
 B - 4 bread rations
 F - a royal jelly
 I - a chunk of flesh


   Skills:
 + Level 3.7 Fighting
 + Level 4.1(4.5) Maces & Flails
 + Level 2.6(3.7) Staves
 + Level 1.0 Throwing
 + Level 3.9 Armour
 + Level 1.5 Dodging
 + Level 3.8 Shields


You had 6 spell levels left.
You didn't know any spells.

Dungeon Overview and Level Annotations

Branches:
Dungeon (4/15)
 Temple: D:4-7

Altars:
Elyvilon
Gozag
Trog
Vehumet
Xom


Message History

The orc wizard barely misses you.
The orc priest mumbles some strange prayers to Beogh against you.
Beogh smites you!
* * * LOW HITPOINT WARNING * * *
The orc wizard points at you and mumbles some strange words.
The magic dart hits you!
* * * LOW HITPOINT WARNING * * *
The orc wizard casts a spell at you. The puff of flame misses you.
Gozag petitions for your drink to fail. The orc priest misses you.
Okay, then.
You feel better. The orc priest misses you.
The orc wizard hits you but does no damage.
The orc priest hits you but does no damage.
The orc wizard misses you. The orc hits you but does no damage.
The orc wizard barely misses you. The orc priest barely misses you.
The orc priest invokes the aid of Beogh against you.
Beogh smites you!
You die...

... #.......#..........#...
.... #.......#..........#...
.....#.......#..........#...
.....####'#####'####....##..
#.........#...###....##..
+.......o.'....'.....##..
#......oo.#....#.....##..
#......o..#....#.....#...
#...<...@.######.....##..
##.............#.....##..
#.............#.....#...
#.............#.....#...
#.............#.....#...
#.............#.....####
#.............#.....#
#.............#
#######+#......


You could see an orc priest, an orc wizard and 2 orcs.

Vanquished Creatures
  A scorpion (D:4)
  A gnoll shaman (D:4)
  A centaur skeleton (D:4)
  Crazy Yiuf (D:2)
  An iguana (D:4)
  A worker ant (D:4)
  A hound skeleton (D:4)
  5 gnolls (D:4)
  9 adders
  2 adder skeletons
  2 worms
  2 leopard geckos
  2 orcs
  2 bats
  2 giant cockroaches
  5 goblins
  7 hobgoblins
  3 jackals (D:3)
  4 kobolds
  2 quokkas (D:2)
  A ball python (D:1)
  4 frilled lizards
  13 rats
  2 fungi (D:2)
74 creatures vanquished.

Vanquished Creatures (others)
  A goblin (D:1)
  A hobgoblin (D:1)
2 creatures vanquished.

Grand Total: 76 creatures vanquished

Notes
Turn   | Place    | Note
-------+----------+-------------------------------------------
     0 | D:1      | spennet the Human Fighter began the quest for the Orb.
     0 | D:1      | Reached XP level 1. HP: 18/18 MP: 1/1
    95 | D:1      | Reached XP level 2. HP: 24/24 MP: 2/2
   898 | D:1      | Found a shimmering altar of Xom.
   916 | D:1      | Became a worshipper of Xom of Chaos
  1155 | D:1      | Reached XP level 3. HP: 24/29 MP: 3/3
  1528 | D:2      | XOM: divination: magic mapping
  1715 | D:2      | XOM: harmless Tmut miscast
  1799 | D:2      | Found a runed door.
  1803 | D:2      | Noticed Crazy Yiuf
  1813 | D:2      | Killed Crazy Yiuf
  1813 | D:2      | Reached XP level 4. HP: 14/35 MP: 4/4
  2192 | D:2      | XOM: silly message
  2367 | D:2      | XOM: harmless Chrm miscast
  2399 | D:2      | Reached skill level 3 in Maces & Flails
  2406 | D:2      | XOM: silly message
  2425 | D:2      | Reached XP level 5. HP: 41/41 MP: 5/5
  2441 | D:2      | XOM: divination: detect items
  2810 | D:2      | Upgraded the game from 0.20.0-10-g0535bb4 to 0.20.0-14-g326068f
  3064 | D:3      | XOM is BORED!
  3064 | D:3      | XOM: harmless Tloc miscast
  3197 | D:3      | Found a radiant altar of Vehumet.
  3229 | D:3      | Reached skill level 1 in Dodging
  3313 | D:3      | XOM: cast spell 'Summon Small Mammal'
  3444 | D:3      | Found a faded altar of an unknown god.
  3600 | D:3      | Fell from the grace of Xom
  3600 | D:3      | Became a worshipper of Gozag Ym Sagoz the Greedy
  3699 | D:4      | Reached XP level 6. HP: 24/47 MP: 2/6
  3874 | D:4      | XOM: summons 1 hostile demon
  3879 | D:4      | Found a white marble altar of Elyvilon.
  3879 | D:4      | Found a bloodstained altar of Trog.
  3887 | D:4      | Reached skill level 4 in Maces & Flails
  3887 | D:4      | Reached skill level 1 in Staves
  3919 | D:4      | Reached skill level 1 in Throwing
  3976 | D:4      | Fell from the grace of Gozag
  3976 | D:4      | Became a worshipper of Trog the Wrathful
  4122 | D:4      | Reached XP level 7. HP: 36/53 MP: 4/7
  4206 | D:4      | HP: 2/53 [orc wizard/magic dart (6)]
  4211 | D:4      | Killed from afar by an orc priest

Skill      XL: |  1  2  3  4  5  6 |
---------------+-------------------+-----
Maces & Flails | 3 4 |  4.1
Dodging        | 1 |  1.5
Staves         | 2 |  2.6
Throwing       | 1 |  1.0
Fighting       | |  3.7
Armour         | |  3.9
Shields        | |  3.8

Action                   |  1- 3 |  4- 6 |  7- 9 || total
-------------------------+-------+-------+-------++-------
Melee: Flail             |   119 |       |       ||   119
       Mace              |    31 |    96 |       ||   127
       Quarterstaff      |       |    58 |     9 ||    67
Throw: Stone             |     9 |     6 |    10 ||    25
       Tomahawk          |       |    13 |     6 ||    19
Invok: Potion Petition   |       |     1 |       ||     1
  Use: Potion            |     5 |       |     1 ||     6
       Scroll            |     5 |     6 |       ||    11
  Eat: Chunk             |     2 |     2 |       ||     4
       Bread ration      |     1 |       |       ||     1
       Royal jelly       |       |     1 |       ||     1
Armor: Scale mail        |    52 |    69 |       ||   121
       Leather armour    |       |     7 |     7 ||    14
Dodge: Dodged            |    35 |    82 |    16 ||   133
Block: Shield            |    77 |    57 |       ||   134
